Map: 赛博森林-天梯版

Players

msrm - Winner!

  • Race: Zerg Zerg
  • League: Master

MaSa

  • Race: Terran Terran
  • League: Platinum

Event: WESG 2018 Grand Finals

VOD

Have the link to the VOD?

Description

Time

  • Played on: March 11, 2019, 6:59 a.m.
  • Length: 7:50

All games in this series

Show
View Real Time Build Order
Export as new Build Order

msrm Zerg - Winner!

Build Orders: Pool First, Roach Nydus 

Get SALT Encoding   

  12  0:00  Drone  
  13  0:12  Overlord  
  13  0:17  Drone  
  14  0:30  Drone x2  
  14  0:35  Drone  
  17  0:44  Extractor  
  17  0:46  Drone  
  17  0:50  Spawning Pool  
  17  0:55  Drone  
  17  1:07  Drone  
  18  1:19  Hatchery  
  18  1:22  Drone  
  18  1:28  Drone  
  19  1:38  Roach Warren  
  18  1:41  Drone  
  19  1:51  Queen  
  21  1:58  Overlord  
  21  2:19  Roach x2  
  21  2:21  Roach  
  26  2:32  Roach x2  
  30  2:43  Queen  
  32  2:47  Overlord  
  32  2:49  Drone  
  33  2:51  Ravager  
  33  2:57  Ravager  
  35  2:59  Drone  
  35  3:00  Overlord  
  33  3:15  Drone x5  
  38  3:26  Drone  
  38  3:27  Drone  
  40  3:31  Drone x3  
  43  3:37  Ravager  
  43  3:40  Roach  
  46  3:42  Roach  
  48  3:57  Roach  
  48  3:59  Overlord x2  
  48  4:02  Extractor  
  49  4:03  Extractor  
  48  4:12  Drone x3  
  48  4:13  Drone  
  45  4:26  Roach x3  
  51  4:33  Overlord, Roach x2  
  51  4:36  Overlord  
  55  4:39  Queen  
  55  4:40  Drone x3  
  58  4:51  Lair  
  55  4:57  Drone x4  
  55  4:59  Drone  
  60  5:09  Ravager x2  
  60  5:10  Roach x2  
  66  5:14  Drone  
  66  5:17  Queen  
  69  5:29  Roach x4  
  69  5:30  Overlord  
  77  5:49  Nydus Network  
  76  5:54  Queen  
  76  5:55  Queen  
  80  6:06  Overlord, Roach x4  
  80  6:07  Roach x2  
  92  6:24  Roach  
  92  6:25  Roach x2  
  98  6:26  Nydus Canal  
  98  6:35  Overlord x4  
  98  6:50  Nydus Canal  
  94  6:56  Roach x3, Drone  
  94  6:58  Queen x2, Overseer  
  94  7:00  Roach  
  82  7:19  Roach x3  
  82  7:20  Roach  
  86  7:29  Roach  
  86  7:30  Roach  
Show
View Real Time Build Order
Export as new Build Order

MaSa Terran 

Build Orders:  

Get SALT Encoding   

  12  0:00  SCV  
  13  0:12  SCV  
  14  0:18  Supply Depot  
  14  0:24  SCV  
  15  0:39  SCV  
  15  0:40  Barracks  
  16  0:45  Refinery  
  16  0:52  SCV  
  17  1:00  Barracks  
  17  1:04  SCV  
  18  1:16  SCV  
  19  1:24  Barracks  
  19  1:28  Reaper  
  20  1:37  Orbital Command  
  20  1:44  Refinery  
  20  1:48  Reaper  
  21  1:55  Supply Depot  
  21  2:05  Reaper  
  21  2:08  SCV  
  23  2:17  Reaper  
  23  2:20  SCV  
  25  2:24  Reaper  
  26  2:32  SCV  
  27  2:42  Reaper  
  27  2:44  SCV, Supply Depot  
  28  2:50  Reaper  
  30  2:58  Command Center  
  30  3:03  SCV  
  30  3:05  Reaper  
  32  3:14  Reaper  
  32  3:16  SCV  
  34  3:22  Reaper  
  34  3:26  Refinery  
  35  3:28  SCV  
  35  3:32  Supply Depot  
  36  3:37  Reaper  
  36  3:40  SCV  
  38  3:46  Reaper  
  39  3:54  Reaper, SCV  
  41  4:00  Barracks x2  
  41  4:06  SCV  
  42  4:10  Orbital Command  
  42  4:18  SCV  
  42  4:21  Reaper  
  41  4:24  Reaper  
  41  4:26  Reaper  
  41  4:28  Engineering Bay  
  41  4:30  SCV  
  44  4:34  Refinery  
  44  4:41  SCV  
  44  4:42  SCV  
  44  4:47  Reaper  
  44  4:50  Reaper  
  45  4:53  SCV  
  45  4:54  Reaper  
  45  4:55  Terran Infantry Weapons Level 1, SCV  
  45  4:57  Reaper  
  49  5:01  Reaper  
  50  5:09  SCV  
  50  5:12  Supply Depot  
  50  5:13  SCV  
  53  5:23  SCV  
  53  5:25  Factory, SCV  
  57  5:30  Barracks Reactor x3  
  57  5:31  Barracks Tech Lab  
  57  5:32  Barracks Reactor  
  57  5:33  Barracks Tech Lab  
  54  5:35  SCV  
  54  5:37  Supply Depot  
  54  5:42  SCV  
  56  5:48  SCV  
  57  5:52  Marine  
  57  5:54  SCV  
  59  6:00  SCV  
  59  6:01  Supply Depot  
  60  6:06  Marine x4  
  60  6:07  Marine x2  
  60  6:09  Starport, Marine, Factory Reactor  
  67  6:11  SCV  
  67  6:13  SCV  
  67  6:16  Marine x2  
  71  6:21  Supply Depot  
  71  6:23  SCV  
  71  6:24  Marine x2  
  71  6:25  SCV  
  75  6:26  Marine  
  75  6:27  Supply Depot  
  75  6:28  Marine  
  75  6:29  Marine  
  80  6:33  Marauder  
  80  6:40  Marine x2  
  80  6:42  Marine x2  
  80  6:43  Marine  
  80  6:45  Marine  
  80  6:46  Marine  
  75  6:47  Marine  
  75  6:54  Marine  
  63  6:57  Marine  
  63  7:00  SCV x2  
  56  7:04  Marine  
  45  7:12  Marauder  
  45  7:15  Marine x2  
  43  7:16  SCV  
  43  7:18  Marine  
Tags
 
Add a new tag
Caveats
  • Supply blocks, unpowered buildings, or Contaminate may cause inaccurate times.
  • Supply counts are checked every 10 seconds.